 Dungeon Crawl Stone Soup version 0.17-a0-915-g8914353 (webtiles) character file.

5254 namelastname112 the Envoy of Void (level 10, -3/88 HPs)
             Began as a Yellow Draconian Abyssal Knight on May 4, 2015.
             Was a High Priest of Lugonu.
             Slain by a hippogriff (4 damage)
             ... on level 9 of the Dungeon.
             The game lasted 00:23:23 (11361 turns).

namelastname112 the Envoy of Void (DrAK)           Turns: 11361, Time: 00:23:24

Health: -3/88      AC:  7    Str: 17    XL:     10   Next: 36%
Magic:  12/17      EV: 15    Int: 12    God:    Lugonu [*****.]
Gold:   489        SH:  0    Dex: 14    Spells: 0 memorised, 9 levels left

rFire  . . .     SeeInvis .     x - +9 rapier of War {flame, Str+2}
rCold  . . .     Clarity  .     (armour unavailable)
rNeg   . . .     SustAb   .     (no shield)
rPois  +         Gourm    .     (helmet restricted)
rElec  .         Spirit   .     h - +0 cloak
rCorr  +         Warding  .     u - -2 pair of gloves (curse)
rMut   .         Stasis   .     (no boots)
MR     .....                    (no amulet)
Stlth  +.........               G - ring of flight
                                l - ring of poison resistance

@: flying, not resistant to hostile enchantments, very unstealthy
A: spit acid, acid resistance, unfitting armour, cold-blooded, AC +7
a: Spit Acid, Depart the Abyss, Bend Space, Banish, Corrupt, Enter the Abyss,
Renounce Religion


You were on level 9 of the Dungeon.
You worshipped Lugonu.
Lugonu was extremely pleased with you.
You were near starving.

You visited 1 branch of the dungeon, and saw 10 of its levels.
You visited the Abyss 1 time.

You collected 489 gold pieces.

Inventory:

Hand weapons
 a - a +1 spear
 j - a +5 quarterstaff of chaos
 k - the +5 war axe of Evisceration {speed, rPois Int+3}
   (You found it on level 5 of the Dungeon)

   Attacks with this weapon are significantly faster.
   It affects your intelligence (+3).
   It protects you from poison.
 m - a +0 halberd
 x - the +9 rapier of War (weapon) {flame, Str+2}
   (You found it on level 7 of the Dungeon)

   It has been specially enchanted to burn those struck by it, causing extra
   injury to most foes and up to half again as much damage against particularly
   susceptible opponents.
   It affects your strength (+2).
Armour
 h - a +0 cloak (worn)
 u - a cursed -2 pair of gloves (worn)
Jewellery
 l - a ring of poison resistance (left hand)
 G - a ring of flight (right hand)
Magical devices
 e - a wand of magic darts (10)
 g - a wand of teleportation (2)
 o - a wand of hasting (6)
 E - a wand of draining (0)
Scrolls
 c - 7 scrolls of identify
 d - 2 scrolls of enchant weapon
 n - 2 scrolls of teleportation
 p - 3 scrolls of recharging
 t - a scroll of amnesia
 v - 2 scrolls of noise {unknown}
 w - a scroll of fear {unknown}
 y - 2 scrolls of blinking {unknown}
 z - a scroll of summoning {unknown}
 A - 2 scrolls of magic mapping
 C - a scroll of vulnerability {unknown}
 J - a scroll of random uselessness {unknown}
 M - a scroll of fog {unknown}
Potions
 f - a potion of ambrosia {unknown}
 i - 3 potions of lignification
 s - a potion of cure mutation {unknown}
 D - a potion of degeneration {unknown}
 F - a potion of agility
 H - a potion of brilliance {unknown}
 I - a potion of flight
 L - a potion of heal wounds {unknown}
Books
 q - a book of the Sky

   Spells                             Type                      Level
   a - Flight                         Charms/Air                   3
   b - Airstrike                      Air                          4
   c - Silence                        Hexes/Air                    5
   d - Deflect Missiles               Charms/Air                   6
   e - Conjure Ball Lightning         Conjuration/Air              6
   f - Tornado                        Air                          9
Comestibles
 b - 12 bread rations
 r - 3 fruits
 B - a meat ration


   Skills:
 + Level 7.9 Fighting
 * Level 9.2 Polearms
 + Level 6.1 Dodging
 * Level 9.7 Invocations


You had 9 spell levels left.
You didn't know any spells.

Dungeon Overview and Level Annotations

Branches:
Dungeon (10/15)            Temple (0/1) D:7            Lair (0/8) D:9
    Orc (0/4) D:10

Altars:
Dithmenos
Gozag
Ru

Shops:
D:9 (

Annotations:
D:5 Edmund
D:10 Maud
Abyss:1 Menkaure, Pikel


Innate Abilities, Weirdness & Mutations

You can spit globs of acid.
You are resistant to acid.
Your golden yellow scales are hard (AC +7).
Your body does not fit into most forms of armour.
You are cold-blooded and may be slowed by cold attacks.


Message History

You are too injured to fight recklessly!
Use which ability? (? or * to list)
Press: ? - help, Shift-Dir - straight line, f - crimson imp
Aim: a crimson imp (chance 73%)
The crimson imp is devoured by a tear in reality.
Lugonu claims a new guest.
You feel somewhat more hungry. The wyvern bites you!!
* * * LOW HITPOINT WARNING * * *
The hippogriff misses you. The hippogriff completely misses you.
The hippogriff misses you.
Use which ability? (? or * to list)
Press: ? - help, Shift-Dir - straight line, f - wyvern
Aim: a wyvern (chance 85%)
Okay, then.
Unknown command.
Use which ability? (? or * to list) Space bends sharply around you!
The hippogriff blinks!
You blink.
* * * LOW HITPOINT WARNING * * *
You feel slightly more hungry. The hippogriff bites you.
You die...

..................####...........
##...............................
##..............................
###........######..............
##....#### #####.......... ##..##
###### ##......... ##.#
####....## ##........ #.##
#........## ##.......
##..###...@l§...# ##...^..
###........H...§..## ##......
##...####......§....###......#
##>..## ##...).......##..#####
###.....# #...............#
#.......# #......(.......##
##.....## ###.....##.#..##
###.### ############# ###


You could see a hippogriff and a wyvern.

Vanquished Creatures
  A trapdoor spider zombie (D:9)
  A spriggan (D:8)
  3 hippogriffs
  A basilisk (D:9)
  2 slaves (D:8)
  2 ice beasts (D:6)
  A black bear (D:8)
  A necrophage (D:10)
  A sky beast (D:5)
  2 phantoms
  An eye of draining (D:8)
  2 centaurs
  An ogre (D:4)
  Blork the orc (D:5)
  A big kobold (D:8)
  4 giant frogs
  5 scorpions
  6 jellies
  A wasp zombie (D:6)
  5 crimson imps
  A giant frog zombie (D:7)
  A centaur skeleton (D:4)
  A hound (D:7)
  Crazy Yiuf (D:3)
  9 orc priests
  5 iguanas
  Jessica (D:2)
  9 worker ants
  6 orc wizards
  2 river rats (D:9)
  4 worker ant zombies
  5 adders
  7 gnolls (D:4)
  2 shadow imps (D:6)
  4 oozes
  2 adder skeletons
  6 giant geckos
  50 orcs
  2 bat skeletons
  A bat zombie (D:6)
  8 giant cockroaches
  20 goblins
  14 hobgoblins
  24 jackals
  30 kobolds
  5 quokkas
  A ball python (D:3)
  10 bats
  8 giant newts
  A giant spore (D:10)
  A quokka zombie (D:7)
  18 rats
  7 ballistomycetes
  A fungus (D:3)
309 creatures vanquished.

Vanquished Creatures (others)
  2 slaves (D:8)
  4 orc warriors
  2 crocodiles (D:9)
  3 killer bees (D:10)
  A crimson imp (D:9)
  A hound (D:7)
  2 giant spores (D:7)
15 creatures vanquished.

Grand Total: 324 creatures vanquished

Notes
Turn   | Place    | Note
--------------------------------------------------------------
     0 | Abyss:1  | namelastname112, the Draconian Abyssal Knight, began the quest for the Orb.
     0 | Abyss:1  | Reached XP level 1. HP: 19/19 MP: 2/2
   111 | Abyss:1  | Noticed a tentacled starspawn
   113 | D:1      | Escaped the Abyss
   310 | D:1      | Acquired Lugonu's first power
   310 | D:1      | Reached XP level 2. HP: 26/26 MP: 3/3
   624 | D:1      | Reached XP level 3. HP: 23/31 MP: 5/5
  1069 | D:2      | Noticed Jessica
  1080 | D:2      | Killed Jessica
  1274 | D:2      | Reached XP level 4. HP: 35/39 MP: 6/6
  2097 | D:3      | Acquired Lugonu's second power
  2145 | D:3      | Found an opulent altar of Gozag.
  2696 | D:3      | Noticed Crazy Yiuf
  2704 | D:3      | Killed Crazy Yiuf
  2704 | D:3      | Reached skill level 4 in Fighting
  2885 | D:4      | Reached XP level 5. HP: 46/46 MP: 7/7
  3097 | D:4      | Noticed an ogre
  3098 | D:4      | Noticed an ogre
  3165 | D:5      | Entered Level 5 of the Dungeon
  3493 | D:5      | Noticed Edmund
  3887 | D:5      | Noticed Blork the orc
  3898 | D:5      | Killed Blork the orc
  3898 | D:5      | Reached XP level 6. HP: 42/53 MP: 9/9
  4082 | D:6      | Acquired Lugonu's third power
  4724 | D:5      | Your scales start taking on a golden yellow colour.
  4724 | D:5      | Reached XP level 7. HP: 45/60 MP: 10/10
  4734 | D:5      | Reached skill level 5 in Invocations
  4755 | D:5      | Noticed a sky beast
  4761 | D:5      | Killed a sky beast
  4807 | D:5      | Got a smoking war axe
  4808 | D:5      | Identified the +5 war axe of Evisceration {speed, rPois Int+3} (You found it on level 5 of the Dungeon)
  4924 | D:5      | Reached skill level 5 in Polearms
  4948 | D:5      | Reached skill level 5 in Fighting
  5296 | D:4      | Acquired Lugonu's fourth power
  5301 | D:4      | Reached skill level 6 in Invocations
  5311 | D:4      | Killed an ogre
  5311 | D:4      | Reached XP level 8. HP: 50/69 MP: 12/12
  6023 | D:6      | Found a sacrificial altar of Ru.
  6082 | D:6      | Found a sacrificial altar of Ru.
  6107 | D:6      | Acquired Lugonu's fifth power
  6320 | D:6      | Reached skill level 7 in Invocations
  7147 | D:7      | Got a fine rapier
  7153 | D:7      | Identified the +9 rapier of War {flame, Str+2} (You found it on level 7 of the Dungeon)
  7218 | D:7      | Reached XP level 9. HP: 78/78 MP: 14/14
  7220 | D:7      | Noticed Menkaure
  7226 | D:7      | Banished Menkaure
  7656 | D:7      | Reached skill level 5 in Dodging
  7936 | D:7      | Found a staircase to the Ecumenical Temple.
  8098 | D:8      | Noticed Pikel
  8114 | D:8      | Banished Pikel
  8114 | D:8      | Reached skill level 8 in Invocations
  8818 | D:8      | Reached skill level 9 in Invocations
  9398 | D:9      | Reached XP level 10. HP: 86/86 MP: 16/16
  9461 | D:9      | Found a shadowy altar of Dithmenos.
 10351 | D:9      | Found a staircase to the Lair.
 10439 | D:9      | Found Boferell's Antique Weapon Boutique.
 10746 | D:10     | Entered Level 10 of the Dungeon
 10746 | D:10     | Found a staircase to the Orcish Mines.
 11348 | D:10     | Noticed Maud
 11360 | D:9      | HP: 4/88 [wyvern (18)]
 11361 | D:9      | HP: 1/88 [spatial distortion (3)]
 11361 | D:9      | Slain by a hippogriff

Action                   |  1- 3 |  4- 6 |  7- 9 | 10-12 || total
-------------------------+-------+-------+-------+-------++-------
Melee: Spear             |   109 |   112 |       |       ||   221
       Quarterstaff      |       |   124 |    18 |       ||   142
       Unarmed           |       |     2 |       |       ||     2
       War axe           |       |       |   234 |       ||   234
       Rapier            |       |       |   209 |   125 ||   334
Invok: Depart the Abyss  |     1 |       |       |       ||     1
       Banish            |       |       |     6 |     6 ||    12
       Bend Space        |       |       |       |     2 ||     2
 Abil: Spit Acid         |       |       |       |     1 ||     1
       Evoke Flight      |       |       |       |     1 ||     1
Evoke: Wand              |       |       |     2 |       ||     2
  Use: Scroll            |       |     9 |       |       ||     9
       Potion            |       |     7 |       |     1 ||     8
 Stab: Sleeping          |     2 |       |     1 |       ||     3
       Paralysed         |       |       |     1 |       ||     1
  Eat: Chunk             |     1 |     9 |    10 |     5 ||    25
       Meat ration       |       |     1 |       |       ||     1
       Beef jerky        |       |       |     2 |       ||     2
       Pizza             |       |       |     1 |     1 ||     2
       Fruit             |       |       |       |     1 ||     1
